 Dungeon Crawl Stone Soup version 0.21.0-24-g2553a33 (webtiles) character file.

1234 tilp the Charmwright (level 8, 0/64 HPs)
             Began as a Gnoll Skald on Jan 21, 2018.
             Slain by an orc warrior
             ... wielding a +0 short sword
              (18 damage)
             ... on level 6 of the Dungeon.
             The game lasted 00:16:58 (4262 turns).

tilp the Charmwright (Gnoll Skald)                  Turns: 4262, Time: 00:16:58

Health: 0/64       AC:  5    Str: 19    XL:     8   Next: 48%
Magic:  10/17      EV: 15    Int: 15    God:
Gold:   307        SH:  3    Dex: 15    Spells: 9/19 levels left

rFire    . . .     SeeInvis .   o - +1 dagger (venom)
rCold    . . .     Gourm    .   (no shield)
rNeg     . . .     Faith    .   i - +0 troll leather armour {Purgy}
rPois    .         Spirit   .   z - +0 helmet
rElec    .         Reflect  +   (no cloak)
rCorr    .         Harm     .   (no gloves)
MR       .....                  (no boots)
Stlth    ++........             C - +3 amulet of reflection
HPRegen  0.60/turn              k - +3 ring of strength
MPRegen  0.15/turn              (no ring)

@: infused, very slightly contaminated
A: distributed training, fangs 1, strong nose
a: no special abilities


You were on level 6 of the Dungeon.
You were hungry.

You visited 1 branch of the dungeon, and saw 6 of its levels.
You also visited: Sewer.

You collected 307 gold pieces.

Inventory:

Hand Weapons
 h - a +5 vampiric scythe
 o - a +1 dagger of venom (weapon)
 v - a +1 dagger of draining
 B - a +0 broad axe
 H - a +0 lajatang
Missiles
 b - 13 sling bullets
 f - 3 needles of frenzy
 j - 149 stones (quivered)
 l - 11 poisoned needles
 m - 4 needles of sleeping
 t - 8 tomahawks
 K - 14 bolts
Armour
 g - a +0 robe of resistance
 i - a +0 troll leather armour (worn) {Purgy}
 r - a +1 robe of magic resistance
 z - a +0 helmet (worn)
Jewellery
 k - a +3 ring of strength (left hand)
 C - a +3 amulet of reflection (around neck)
 J - a cursed -3 ring of slaying {unknown}
Wands
 e - a wand of flame (21)
 G - a wand of scattershot (3)
Scrolls
 a - 2 scrolls of identify
 p - a scroll of enchant weapon
 q - 2 scrolls of amnesia
 s - a scroll of immolation
 x - 2 scrolls of teleportation
 y - 5 scrolls of remove curse
 D - a scroll of random uselessness {unknown}
Potions
 n - a potion of ambrosia {unknown}
 u - a potion of mutation
 w - a potion of haste
 E - a potion of degeneration {unknown}
 F - a potion of might {unknown}
 I - a potion of agility {unknown}
Comestibles
 c - 5 chunks of flesh
 d - 8 rations


   Skills:
 + Level 5.6 Fighting
 + Level 3.2 Short Blades
 + Level 3.2 Long Blades
 + Level 3.2 Axes
 + Level 5.6 Maces & Flails
 + Level 3.2 Polearms
 + Level 3.2 Staves
 + Level 3.2 Slings
 + Level 3.2 Bows
 + Level 3.2 Crossbows
 + Level 3.2 Throwing
 + Level 4.2 Armour
 + Level 5.6 Dodging
 + Level 3.2 Stealth
 + Level 3.2 Shields
 + Level 3.2 Unarmed Combat
 + Level 6.0 Spellcasting
 + Level 2.6 Conjurations
 + Level 2.6 Hexes
 + Level 6.1 Charms
 + Level 2.6 Summonings
 + Level 2.6 Necromancy
 + Level 2.6 Translocations
 + Level 2.6 Transmutations
 + Level 2.6 Fire Magic
 + Level 2.6 Ice Magic
 + Level 2.6 Air Magic
 + Level 2.6 Earth Magic
 + Level 2.6 Poison Magic
 + Level 3.5 Invocations
 + Level 3.2 Evocations


You had 9 spell levels left.
You knew the following spells:

 Your Spells              Type           Power        Failure   Level  Hunger
a - Infusion              Chrm           ###.         1%          1    None
b - Shroud of Golubria    Chrm/Tloc      ###.......   4%          2    #......
c - Regeneration          Chrm/Necr      ###.......   9%          3    ##.....
d - Spectral Weapon       Hex/Chrm       ###.....     9%          3    ##.....
e - Animate Skeleton      Necr           N/A          5%          1    None


Dungeon Overview and Level Annotations

Branches:
Dungeon (6/15)
 Temple: D:4-7

Altars:
Elyvilon
Kikubaaqudgha
Sif Muna
Vehumet
Yredelemnul


Innate Abilities, Weirdness & Mutations

Your experience applies equally to all skills.
You have very sharp teeth.
Your uncanny sense of smell can sniff out nearby items.


Message History

Wield which item (- for none, * to show all)? (? for menu, Esc to quit)
That's the wrong kind of item! (Use * to select it.) Wield which item (- for none, * to show all)? (? for menu, Esc to quit)
Huh?
Wield which item (- for none, * to show all)? (? for menu, Esc to quit)
Huh?
Wield which item (- for none, * to show all)? (? for menu, Esc to quit)
Okay, then.
You feel better. The bullfrog skeleton misses you. The orc warrior misses you.
You closely miss the orc warrior.
The orc warrior is almost dead.
The bullfrog skeleton hits you.
* * * LOW HITPOINT WARNING * * *
The orc warrior closely misses you.
You closely miss the orc warrior.
The orc warrior is almost dead.
The bullfrog skeleton hits you.
* * * LOW HITPOINT WARNING * * *
The orc warrior hits you with a short sword!!
You die...

### ##### ≈ ∆
..?#..<# ≈≈.
###.#.###≈≈≈#
#...Zo8.8.8#
#.#.#@.....+
#.##8.8.8# #
###≈≈≈# ≈≈≈.
≈≈≈ ≈≈


You could see an orc warrior and a bullfrog skeleton.

Vanquished Creatures
  Sigmund (D:4)
  Duvessa (D:4)
  Purgy (Sewer)
  2 ogres
  The ghost of matthes123 the Ruffian, an amateur DrTm (D:3)
  Dowan (D:4)
  A bullfrog skeleton (D:4)
  An orc priest (D:4)
  2 hounds (D:4)
  An orc wizard (D:4)
  Jessica (D:2)
  An iguana (D:5)
  5 worker ants
  Robin (D:3)
  4 gnolls (D:3)
  8 adders
  5 worms
  2 dart slugs
  3 leopard geckos
  11 orcs
  8 bats
  6 giant cockroaches
  12 goblins
  11 hobgoblins
  6 jackals
  11 kobolds
  3 quokkas
  3 ball pythons
  5 frilled lizards
  5 rats (D:1)
123 creatures vanquished.

Vanquished Creatures (others)
  2 spectral weapons
2 creatures vanquished.

Grand Total: 125 creatures vanquished

Notes
Turn   | Place    | Note
-------+----------+-------------------------------------------
     0 | D:1      | tilp the Gnoll Skald began the quest for the Orb.
     0 | D:1      | Reached XP level 1. HP: 20/20 MP: 6/6
   114 | D:1      | Reached XP level 2. HP: 26/26 MP: 1/7
   537 | D:1      | Reached XP level 3. HP: 29/31 MP: 9/9
   581 | D:1      | Reached skill level 5 in Spellcasting
   793 | D:2      | Noticed Jessica
   803 | D:2      | Killed Jessica
   803 | D:2      | Reached skill level 1 in Short Blades
   803 | D:2      | Reached skill level 1 in Long Blades
   803 | D:2      | Reached skill level 1 in Axes
   803 | D:2      | Reached skill level 1 in Polearms
   803 | D:2      | Reached skill level 1 in Staves
   803 | D:2      | Reached skill level 1 in Slings
   803 | D:2      | Reached skill level 1 in Bows
   803 | D:2      | Reached skill level 1 in Crossbows
   803 | D:2      | Reached skill level 1 in Throwing
   803 | D:2      | Reached skill level 1 in Stealth
   803 | D:2      | Reached skill level 1 in Shields
   803 | D:2      | Reached skill level 1 in Unarmed Combat
   803 | D:2      | Reached skill level 1 in Invocations
   803 | D:2      | Reached skill level 1 in Evocations
   899 | D:2      | Reached XP level 4. HP: 24/38 MP: 4/11
  1019 | D:2      | Found a basalt altar of Yredelemnul.
  1240 | D:2      | Found a white marble altar of Elyvilon.
  1415 | D:3      | Found a glowing drain.
  1440 | Sewer    | Entered a sewer
  1476 | Sewer    | Noticed Purgy
  1489 | Sewer    | Killed Purgy
  1489 | Sewer    | Reached skill level 1 in Conjurations
  1489 | Sewer    | Reached skill level 1 in Hexes
  1489 | Sewer    | Reached skill level 1 in Summonings
  1489 | Sewer    | Reached skill level 1 in Necromancy
  1489 | Sewer    | Reached skill level 1 in Translocations
  1489 | Sewer    | Reached skill level 1 in Transmutations
  1489 | Sewer    | Reached skill level 1 in Fire Magic
  1489 | Sewer    | Reached skill level 1 in Ice Magic
  1489 | Sewer    | Reached skill level 1 in Air Magic
  1489 | Sewer    | Reached skill level 1 in Earth Magic
  1489 | Sewer    | Reached skill level 1 in Poison Magic
  1489 | Sewer    | Reached XP level 5. HP: 30/43 MP: 6/12
  1624 | D:3      | Learned a level 2 spell: Shroud of Golubria
  1628 | D:3      | Learned a level 3 spell: Regeneration
  1632 | D:3      | Learned a level 3 spell: Spectral Weapon
  1845 | D:3      | Noticed an ogre
  1854 | D:3      | Killed an ogre
  1854 | D:3      | Reached XP level 6. HP: 50/50 MP: 5/13
  1885 | D:3      | Noticed Robin
  1908 | D:3      | Reached skill level 5 in Fighting
  1908 | D:3      | Reached skill level 5 in Maces & Flails
  1908 | D:3      | Reached skill level 5 in Dodging
  1950 | D:3      | Noticed matthes123's ghost (amateur DrTm)
  2011 | D:3      | Killed Robin
  2084 | D:3      | Killed matthes123's ghost
  2084 | D:3      | Reached XP level 7. HP: 44/56 MP: 0/15
  2928 | D:4      | Noticed Duvessa
  2928 | D:4      | Noticed Dowan
  2948 | D:4      | Killed Duvessa
  2984 | D:4      | Killed Dowan
  3204 | D:4      | Noticed Sigmund
  3215 | D:4      | Killed Sigmund
  3215 | D:4      | Reached XP level 8. HP: 63/63 MP: 2/16
  3695 | D:5      | Entered Level 5 of the Dungeon
  3978 | D:5      | Found an ancient bone altar of Kikubaaqudgha.
  3987 | D:5      | Found a deep blue altar of Sif Muna.
  3989 | D:5      | Found a radiant altar of Vehumet.
  3991 | D:5      | Identified Kikubaaqudgha's Papyrus of Darkness
  3995 | D:5      | Learned a level 1 spell: Animate Skeleton
  4258 | D:6      | HP: 1/64 [orc warrior/short sword (13)]
  4262 | D:6      | Slain by an orc warrior

Skill      XL: |  1  2  3  4  5  6  7  8 |
---------------+-------------------------+-----
Spellcasting   | 5 6 |  6.0
Short Blades   | 1 2 3 |  3.2
Long Blades    | 1 2 3 |  3.2
Axes           | 1 2 3 |  3.2
Polearms       | 1 2 3 |  3.2
Staves         | 1 2 3 |  3.2
Slings         | 1 2 3 |  3.2
Bows           | 1 2 3 |  3.2
Crossbows      | 1 2 3 |  3.2
Throwing       | 1 2 3 |  3.2
Stealth        | 1 2 3 |  3.2
Shields        | 1 2 3 |  3.2
Unarmed Combat | 1 2 3 |  3.2
Invocations    | 1 2 3 |  3.5
Evocations     | 1 2 3 |  3.2
Armour         | 3 4 |  4.2
Conjurations   | 1 2 |  2.6
Hexes          | 1 2 |  2.6
Summonings     | 1 2 |  2.6
Necromancy     | 1 2 |  2.6
Translocations | 1 2 |  2.6
Transmutations | 1 2 |  2.6
Fire Magic     | 1 2 |  2.6
Ice Magic      | 1 2 |  2.6
Air Magic      | 1 2 |  2.6
Earth Magic    | 1 2 |  2.6
Poison Magic   | 1 2 |  2.6
Fighting       | 5 |  5.6
Maces & Flails | 5 |  5.6
Dodging        | 5 |  5.6
Charms         | 6 |  6.1

Action                   |  1- 3 |  4- 6 |  7- 9 || total
-------------------------+-------+-------+-------++-------
Melee: Mace              |    41 |       |       ||    41
       Bite              |    12 |    13 |    28 ||    53
       Whip              |    57 |    29 |       ||    86
       Dagger            |       |   107 |   217 ||   324
       Punch             |       |       |     3 ||     3
Throw: Stone             |       |     6 |       ||     6
 Cast: Infusion          |     7 |    10 |     9 ||    26
       Shroud of Golubri |       |     5 |     3 ||     8
       Spectral Weapon   |       |     3 |     7 ||    10
       Regeneration      |       |       |     6 ||     6
Evoke: Wand              |       |     5 |     1 ||     6
  Use: Scroll            |       |     3 |     8 ||    11
       Potion            |       |       |     3 ||     3
 Stab: Sleeping          |     1 |     1 |     4 ||     6
       Distracted        |       |       |     2 ||     2
  Eat: Chunk             |       |     4 |     8 ||    12
Armor: Leather armour    |     1 |       |       ||     1
       Robe              |    10 |       |       ||    10
       Scale mail        |       |    47 |       ||    47
       Troll leather arm |       |    23 |    42 ||    65
       Skin              |       |       |     4 ||     4
Dodge: Dodged            |    56 |   114 |   138 ||   308
Block: Other             |       |       |     9 ||     9
